 Dungeon Crawl Stone Soup version 0.27.1-3-gb3d3a73c9e (webtiles) character file.

Game seed: 17299018697604028044

45 Descartes the Covered (level 3, -6/27 HPs)
             Began as a Formicid Wanderer on Oct 16, 2021.
             Mangled by an iguana (11 damage)
             ... on level 2 of the Dungeon.
             The game lasted 00:02:29 (1222 turns).

Descartes the Covered (Formicid Wanderer)           Turns: 1222, Time: 00:02:30

Health: -6/27      AC: 10    Str: 18    XL:     3   Next: 90%
Magic:  3/3        EV:  9    Int: 10    God:
Gold:   27         SH:  0    Dex: 10    Spells: 2/2 levels left

rFire    . . .     SeeInvis +   a - +0 mace
rCold    . . .     Faith    .   (no shield)
rNeg     . . .     Spirit   .   b - +2 scale mail
rPois    .         Reflect  .   (helmet unavailable)
rElec    .         Harm     .   (no cloak)
rCorr    .         Rampage  .   f - +0 pair of gloves
Will     .....                  (no boots)
Stlth    ..........             (no amulet)
HPRegen  0.09/turn              (no ring)
MPRegen  0.08/turn              (no ring)

@: no status effects
A: permanent stasis, dig shafts and tunnels, antennae 3, four strong arms
a: Dig, Shaft Self


You were on level 2 of the Dungeon.
You visited 1 branch of the dungeon, and saw 2 of its levels.

You collected 27 gold pieces.

Inventory:

Hand Weapons
 a - a +0 mace (weapon)
Missiles
 e - 13 arrows
 h - 17 poisoned darts
Armour
 b - a +2 scale mail (worn)
 f - a +0 pair of gloves (worn)
Scrolls
 g - a scroll of fear {unknown}
 j - 2 scrolls of identify {unknown}
Potions
 d - 2 potions of attraction {unknown}
 i - a potion of degeneration {unknown}
 k - a potion of magic {unknown}


   Skills:
 - Level 2.1 Fighting
 - Level 1.0 Axes
 + Level 5.0 Armour
 - Level 1.0 Dodging
 + Level 2.7 Shields
 + Level 0.4 Spellcasting
 + Level 0.7 Earth Magic
 + Level 0.9 Poison Magic
 - Level 1.1 Evocations


You had 2 spell levels left.
You didn't know any spells.
Your spell library was empty.

Dungeon Overview and Level Annotations

Branches:
Dungeon (2/15)

Altars:


Innate Abilities, Weirdness & Mutations

You cannot be hasted, slowed, berserked, paralysed or teleported.
You can dig through walls and to a lower floor.
You have a pair of large antennae on your head. (SInv)
Your four strong arms can wield two-handed weapons with a shield.


Message History

You are too injured to fight recklessly!
You feel sick. The adder barely misses you.
You closely miss the adder.
You feel sick. The adder barely misses you.
You miss the adder.
You feel sick. The adder bites you.
* * * LOW HITPOINT WARNING * * *
The adder bites you but does no damage.
Okay, then.
You feel better.
The adder bites you but does no damage. x2
You hit the adder.
The adder is heavily wounded.
The adder barely misses you.
You thump the adder!
You kill the adder!
Your Armour skill increases to level 5!
You hit the endoplasm.
The endoplasm is lightly wounded.
The endoplasm hits you but does no damage.
The endoplasm barely misses you.
You hit the endoplasm.
The endoplasm is severely wounded.
The endoplasm freezes you.
You are frozen.
You hit the endoplasm.
You kill the endoplasm!
You closely miss the iguana. The iguana barely misses you.
You completely miss the iguana. The iguana barely misses you.
The iguana bites you but does no damage.
You hit the iguana.
The iguana is moderately wounded.
The iguana bites you!
* * * LOW HITPOINT WARNING * * *
You hit the iguana but do no damage.
The iguana is moderately wounded.
The iguana bites you but does no damage.
The iguana bites you.
* * * LOW HITPOINT WARNING * * *
You hit the iguana.
The iguana is heavily wounded.
The iguana bites you!
You die...

#.#.....##
#....).......
#.#..##..#
#............
#.... ##.#
#......).....
#...#. #.###
#............
....##.##...#
#......###.#. ##.
#....#.###.......
... .
####..............
..#
#..!...........##
#...##@###...
....## #l# ... ###
#...).>....
...........##
...............
.............##
#####..........
.........##
$.........#


You could see an iguana.

Vanquished Creatures
  An adder (D:2)
  A dart slug (D:1)
  3 ball pythons
  6 endoplasms
  2 giant cockroaches
  2 goblins (D:1)
  4 kobolds
  3 quokkas
  7 bats (D:1)
  A frilled lizard (D:1)
30 creatures vanquished.

Notes
Turn   | Place    | Note
-------+----------+-------------------------------------------
     0 | D:1      | Descartes the Formicid Wanderer began the quest for the
                  | Orb.
     0 | D:1      | Descartes set off with the following items: a +0 mace, a +2
                  | scale mail, a potion of curing
     0 | D:1      | Reached XP level 1. HP: 16/16 MP: 1/1
   325 | D:1      | Reached XP level 2. HP: 22/22 MP: 2/2
   539 | D:1      | Reached XP level 3. HP: 27/27 MP: 3/3
  1215 | D:2      | Reached skill level 5 in Armour
  1222 | D:2      | Mangled by an iguana

Illustrated notes

Levels and vault maps discovered:
D:1:      dpeg_arrival_round_c, layout_rooms
D:2:      layout_rooms

Skill      XL: |  1  2  3 |
---------------+----------+-----
Shields        | 2 |  2.7
Armour         | 5 |  5.0
Fighting       | |  2.1
Axes           | |  1.0
Dodging        | |  1.0
Spellcasting   | |  0.4
Earth Magic    | |  0.7
Poison Magic   | |  0.9
Evocations     | |  1.1

Action                   || total
-------------------------++-------
Melee: Mace              ||    99
 Abil: Dig               ||     1
  Use: Potion            ||     1
Armor: Scale mail        ||    89
Dodge: Dodged            ||    74
